[Event "Titled Tuesday Blitz December 13 Late 2022"]
[White "Rodriguez Fontecha, Marcos"]
[Black "Burke, Paul"]
[WhiteFideId "2256576"]
[BlackFideId "2605767"]
[WhiteElo "2263"]
[BlackElo "1922"]
[Result "1-0"]
[Round "01"]
[TimeControl "180+1"]
[Date "2022.12.14"]
[WhiteClock "0:00:40"]
[BlackClock "0:00:58"]

1. Nf3 a6 2. a4 d6 3. g3 g6 4. Bg2 Nd7 5. O-O Bg7 6. d4 h6 7. a5 e6 8. c4 Ne7 9. Nc3 O-O 10. e4 Kh7 11. Be3 e5 12. Qd2 f5 13. dxe5 dxe5 14. Rfd1 Qe8 15. exf5 Nxf5 16. Nd5 Nxe3 17. Qxe3 e4 18. Nxc7 Qf7 19. Nh4 Rb8 20. Bxe4 Ne5 21. Nd5 Bf5 22. Bxf5 gxf5 23. Rac1 Rbe8 24. Qf4 Nc6 25. b4 Nd4 26. Rxd4 Bxd4 27. Qxd4 Re2 28. Qd3 Re4 29. Ne3 Rxh4 30. gxh4 Rg8+ 31. Kf1 Qg6 32. Qxf5 1-0


[Site "https://www.chess.com"]

[Event "Titled Tuesday Blitz December 13 Late 2022"]
[White "Rodriguez Santiago, Jaime"]
[Black "Papp, Levente"]
[WhiteFideId "3100898"]
[BlackFideId "751243"]
[WhiteElo "2025"]
[BlackElo "2380"]
[Result "0-1"]
[Round "01"]
[TimeControl "180+1"]
[Date "2022.12.14"]
[WhiteClock "0:00:31"]
[BlackClock "0:00:57"]

1. c4 e6 2. Nf3 d5 3. g3 dxc4 4. a4 Nc6 5. Bg2 Nf6 6. Na3 Bxa3 7. Rxa3 O-O 8. O-O e5 9. Qc2 Be6 10. Ng5 Nd4 11. Qd1 Bd5 12. e3 Bxg2 13. Kxg2 Qd5+ 14. f3 Nc6 15. d3 Rad8 16. e4 Qd7 17. Be3 cxd3 18. Qd2 Qd6 19. Rd1 Nb4 20. Qc3 b6 21. a5 Nc2 22. Rxd3 Qxd3 23. Qxd3 Rxd3 24. Rxd3 Ne1+ 0-1


[Site "https://www.chess.com"]

[Event "Titled Tuesday Blitz December 13 Late 2022"]
[White "Romero Ruscalleda, Josep"]
[Black "Budisavljevic, Luka"]
[WhiteFideId "2231859"]
[BlackFideId "960047"]
[WhiteElo "2183"]
[BlackElo "2424"]
[Result "0-1"]
[Round "01"]
[TimeControl "180+1"]
[Date "2022.12.14"]
[WhiteClock "0:00:37"]
[BlackClock "0:01:14"]

1. e4 g6 2. d4 Bg7 3. Nc3 d6 4. Nf3 Bg4 5. Be2 Nc6 6. Be3 Bxf3 7. Bxf3 e5 8. dxe5 dxe5 9. O-O Nge7 10. Nd5 O-O 11. c3 Nxd5 12. exd5 Ne7 13. Qb3 Kh8 14. Rfd1 Qd6 15. c4 b6 16. Rac1 Rab8 17. Qa4 f5 18. b4 e4 19. Be2 f4 20. c5 Qd8 21. Bd4 f3 22. Bc4 Bxd4 23. Rxd4 Nf5 24. Rxe4 Qg5 25. g3 Qxc1+ 26. Bf1 bxc5 27. Rc4 Qe1 28. b5 Nd4 0-1


[Site "https://www.chess.com"]

[Event "Titled Tuesday Blitz December 13 Late 2022"]
[White "Rorrer, Grayson"]
[Black "Topalov, Aleksandar"]
[WhiteFideId "30944996"]
[BlackFideId "925659"]
[WhiteElo "2200"]
[BlackElo "2151"]
[Result "1-0"]
[Round "01"]
[TimeControl "180+1"]
[Date "2022.12.14"]
[WhiteClock "0:02:02"]
[BlackClock "0:01:32"]

1. Nf3 Nf6 2. c4 g6 3. Nc3 Bg7 4. g3 O-O 5. Bg2 c5 6. O-O Nc6 7. d4 cxd4 8. Nxd4 Nxd4 9. Qxd4 d6 10. Qd3 Bf5 11. e4 Bd7 12. Be3 Bc6 13. Rac1 Ng4 14. Bd4 Ne5 15. Qe2 a5 16. Rfd1 Rc8 17. c5 Qe8 18. cxd6 exd6 19. f4 Nd7 20. Bxg7 Kxg7 21. Rxd6 Nc5 22. Rcd1 f6 23. Qe3 b6 24. h4 Qe7 25. e5 Bxg2 26. exf6+ Rxf6 27. Qxe7+ 1-0


[Site "https://www.chess.com"]

[Event "Titled Tuesday Blitz December 13 Late 2022"]
[White "Sanchez, Robert"]
[Black "Timmermans, Mark"]
[WhiteFideId "2034360"]
[BlackFideId "1026399"]
[WhiteElo "2351"]
[BlackElo "2460"]
[Result "0-1"]
[Round "01"]
[TimeControl "180+1"]
[Date "2022.12.14"]
[WhiteClock "0:01:42"]
[BlackClock "0:02:14"]

1. e4 e5 2. Nf3 Nc6 3. Bb5 f5 4. d4 fxe4 5. Nxe5 Nxe5 6. dxe5 c6 7. Bc4 Qa5+ 8. Nc3 Qxe5 9. O-O d5 10. Re1 Nf6 11. Bb3 Bd6 12. g3 Bg4 13. Qd2 Qh5 14. Qg5 Qh3 15. Bc4 dxc4 16. Nxe4 O-O 0-1


[Site "https://www.chess.com"]

[Event "Titled Tuesday Blitz December 13 Late 2022"]
[White "Sargsyan, Anna M."]
[Black "Prieto Aranguren, Alain"]
[WhiteFideId "13308130"]
[BlackFideId "2268906"]
[WhiteElo "2284"]
[BlackElo "2209"]
[Result "1-0"]
[Round "01"]
[TimeControl "180+1"]
[Date "2022.12.14"]
[WhiteClock "0:00:56"]
[BlackClock "0:00:03"]

1. d4 c6 2. c4 d5 3. Nf3 Nf6 4. Nc3 e6 5. e3 Be7 6. Bd3 O-O 7. b3 a5 8. Bb2 a4 9. Nxa4 dxc4 10. bxc4 Qa5+ 11. Nc3 Qb4 12. Qb3 Na6 13. O-O c5 14. Nb5 Bd7 15. Ne5 Bxb5 16. cxb5 Qxb3 17. axb3 Nb4 18. Bc4 cxd4 19. exd4 Rfd8 20. Rxa8 Rxa8 21. f3 Ra2 22. Rb1 Nfd5 23. Ra1 Rxa1+ 24. Bxa1 Bg5 25. Kf2 Be3+ 26. Ke2 Nc2 27. Bxd5 exd5 28. Kd3 Nxa1 29. Kxe3 Nxb3 30. Nd7 Na5 31. Nb6 Nc4+ 32. Nxc4 dxc4 33. d5 Kf8 34. Kd4 Ke7 35. Kxc4 Kd6 36. b6 g5 37. g4 Ke5 38. Kc5 f6 39. Kc4 f5 40. Kc5 f4 41. Kc4 h6 42. h3 Kd6 43. Kd4 Kd7 44. Ke5 Ke7 45. d6+ Kd7 46. Kd5 Kd8 47. Ke6 Ke8 48. Ke5 Kd7 49. Kd5 Kd8 50. Ke6 Ke8 51. d7+ Kd8 52. Kd6 h5 53. gxh5 g4 54. h6 gxf3 55. h7 f2 56. h8=Q# 1-0


[Site "https://www.chess.com"]

[Event "Titled Tuesday Blitz December 13 Late 2022"]
[White "Seletsky, Grigory"]
[Black "Javakhadze, Zurab"]
[WhiteFideId "14112191"]
[BlackFideId "13603647"]
[WhiteElo "2492"]
[BlackElo "2381"]
[Result "0-1"]
[Round "01"]
[TimeControl "180+1"]
[Date "2022.12.14"]
[WhiteClock "0:00:03"]
[BlackClock "0:00:03"]

1. e4 e5 2. Nf3 Nc6 3. Bc4 Nf6 4. d3 Bc5 5. Nc3 h6 6. Be3 d6 7. Bxc5 dxc5 8. h3 O-O 9. a3 Re8 10. O-O Nd4 11. Nxd4 cxd4 12. Nd5 Be6 13. Nxf6+ Qxf6 14. Bxe6 Rxe6 15. Qd2 Qg5 16. f4 exf4 17. Qxf4 Qxf4 18. Rxf4 f6 19. Kf1 Rb6 20. b3 Re8 21. Ke2 Re5 22. Kd2 Rg5 23. g4 h5 24. Rf5 hxg4 25. Rxg5 fxg5 26. hxg4 Rh6 27. Rg1 Rh2+ 28. Kc1 Kf7 29. b4 Ke6 30. Kb2 g6 31. Kb3 Kd6 32. a4 Rf2 33. a5 a6 34. c3 dxc3 35. Kxc3 Ke5 36. Rh1 Rf7 37. Re1 Rf4 38. Rg1 Rf3 39. Rh1 Rf7 40. Re1 Rf2 41. Rh1 Kf4 42. Rh7 Kxg4 43. Rxc7 Kh3 44. Rg7 g4 45. Rxg6 g3 46. e5 g2 47. e6 Re2 48. Rh6+ Kg3 49. d4 Kf2 50. Rf6+ Ke1 51. Rg6 Kf2 52. Rf6+ Ke1 53. Rg6 Kf2 54. d5 g1=Q 55. Rxg1 Kxg1 56. Kd4 Kf2 57. Kc5 Kf3 58. Kd6 Ke4 59. e7 Kd4 60. Kd7 Kxd5 0-1


[Site "https://www.chess.com"]

[Event "Titled Tuesday Blitz December 13 Late 2022"]
[White "Sivakumar, Shaaketh"]
[Black "Thiel, Thomas"]
[WhiteFideId "30940176"]
[BlackFideId "4615964"]
[WhiteElo "2174"]
[BlackElo "2193"]
[Result "1-0"]
[Round "01"]
[TimeControl "180+1"]
[Date "2022.12.14"]
[WhiteClock "0:02:16"]
[BlackClock "0:01:46"]

1. Nf3 Nf6 2. c4 g6 3. b4 Bg7 4. Bb2 O-O 5. g3 c6 6. Bg2 d5 7. cxd5 cxd5 8. d3 a6 9. Nbd2 Nc6 10. Qb3 Qb6 11. a3 a5 12. b5 Na7 13. a4 Bd7 14. O-O Nc8 15. Ne5 e6 16. g4 Be8 17. Ndf3 h6 18. Ba3 Nd6 19. Rac1 Nd7 20. Nxd7 Bxd7 21. Bc5 Qc7 22. Qa3 1-0


[Site "https://www.chess.com"]

[Event "Titled Tuesday Blitz December 13 Late 2022"]
[White "Sjugirov, Sanan"]
[Black "Ozates, Tuna"]
[WhiteFideId "4189302"]
[BlackFideId "6354521"]
[WhiteElo "2613"]
[BlackElo "2151"]
[Result "1-0"]
[Round "01"]
[TimeControl "180+1"]
[Date "2022.12.13"]
[WhiteClock "0:00:08"]
[BlackClock "0:00:02"]

1. e4 e5 2. Nf3 Nc6 3. Bb5 Nge7 4. d4 exd4 5. Nxd4 g6 6. Bg5 Bg7 7. Bxc6 dxc6 8. c3 O-O 9. O-O h6 10. Bh4 g5 11. Bg3 Bd7 12. Nd2 c5 13. N4f3 Be6 14. Qe2 Ng6 15. h3 Qe7 16. Nc4 b6 17. Ne3 c6 18. Rfe1 Rfe8 19. Qc2 Qf6 20. Nh2 h5 21. f3 Rad8 22. Rad1 Rxd1 23. Rxd1 Rd8 24. a3 h4 25. Bf2 Nf4 26. Nhg4 Rxd1+ 27. Qxd1 Qe7 28. Nf5 Bxf5 29. exf5 c4 30. Qa4 b5 31. Qa6 Qd6 32. Qc8+ Kh7 33. f6 Bxf6 34. Qf5+ Kg7 35. Ne3 Qd3 36. Qc5 Qb1+ 37. Kh2 Nd3 38. Qf5 Qxb2 39. Ng4 Be7 40. Bd4+ f6 41. Bxf6+ Bxf6 42. Qxf6+ Kg8 43. Nh6+ Kh7 44. Nf5 1-0


[Site "https://www.chess.com"]

[Event "Titled Tuesday Blitz December 13 Late 2022"]
[White "Suarez Uriel, Adrian"]
[Black "Moroni, Luca Jr"]
[WhiteFideId "22230874"]
[BlackFideId "865834"]
[WhiteElo "2444"]
[BlackElo "2840"]
[Result "1/2-1/2"]
[Round "01"]
[TimeControl "180+1"]
[Date "2022.12.14"]
[WhiteClock "0:00:08"]
[BlackClock "0:00:11"]

1. e4 d6 2. d4 e5 3. Nf3 exd4 4. Nxd4 Nf6 5. Bd3 Be7 6. O-O O-O 7. c4 Re8 8. Nc3 Bf8 9. Re1 c6 10. Bg5 h6 11. Bh4 a5 12. h3 Na6 13. Qf3 Nc5 14. Bc2 Be7 15. Rad1 Qc7 16. Nf5 Bxf5 17. Qxf5 g6 18. Qf4 Kg7 19. Qf3 Rad8 20. Bg3 Nfd7 21. a3 Ne5 22. Qe3 Bf6 23. Bxe5 Bxe5 24. f4 Bxc3 25. Qxc3+ Kg8 26. Qf6 Qe7 27. Qxe7 Rxe7 28. e5 d5 29. cxd5 cxd5 30. b4 axb4 31. axb4 Ne6 32. g3 Rc7 33. Bb3 Rc3 34. Bxd5 Rxg3+ 35. Kh2 Rc3 36. Bxe6 Rxd1 37. Rxd1 fxe6 38. Rd6 Rc4 39. Rxe6 Kf7 40. Rf6+ Kg7 41. b5 Rb4 42. b6 g5 43. fxg5 hxg5 44. Rd6 Rb5 45. Rd7+ Kg6 46. Rxb7 Rxe5 47. Kg3 Rb5 48. Kf3 Rb3+ 49. Kg4 Rb4+ 50. Kg3 Rb3+ 51. Kg2 Kf6 52. Rb8 Kg7 53. Kh2 Kg6 54. Kg2 Kg7 55. Kh2 Kf6 56. Kg2 Kg6 57. Rb7 Kf5 58. Rb8 Kf6 59. Rh8 Ke5 60. Rh6 Kf4 61. Rf6+ Ke5 62. Rc6 Kf5 63. Rc5+ Kf4 64. Rc4+ Ke5 65. Rc6 Kf5 66. Rd6 Kf4 67. Rf6+ Ke5 68. Rc6 1/2-1/2


[Site "https://www.chess.com"]

[Event "Titled Tuesday Blitz December 13 Late 2022"]
[White "Suder, Jakub"]
[Black "Polster, Christian"]
[WhiteFideId "1195310"]
[BlackFideId "12965081"]
[WhiteElo "2245"]
[BlackElo "2195"]
[Result "1-0"]
[Round "01"]
[TimeControl "180+1"]
[Date "2022.12.14"]
[WhiteClock "0:01:24"]
[BlackClock "0:00:16"]

1. d4 d5 2. c4 e6 3. Nc3 c6 4. e4 dxe4 5. Nxe4 Bb4+ 6. Bd2 Qxd4 7. Bxb4 Qxe4+ 8. Be2 Na6 9. Ba5 b6 10. Qd6 Bd7 11. Rd1 O-O-O 12. Bc3 Nf6 13. Nf3 c5 14. Qg3 Ba4 15. Nd2 Qg6 16. Qf3 Bxd1 17. Qa8+ Nb8 18. Bxd1 Qf5 19. Bf3 Rd7 20. a4 Rhd8 21. O-O Rxd2 22. Qb7# 1-0


[Site "https://www.chess.com"]

[Event "Titled Tuesday Blitz December 13 Late 2022"]
[White "Suleymanli, Aydin"]
[Black "Mieles Palau, Daniel"]
[WhiteFideId "13413937"]
[BlackFideId "3600467"]
[WhiteElo "2481"]
[BlackElo "2344"]
[Result "1-0"]
[Round "01"]
[TimeControl "180+1"]
[Date "2022.12.13"]
[WhiteClock "0:00:04"]
[BlackClock "0:00:01"]

1. e4 c5 2. Nf3 Nc6 3. b3 Nf6 4. e5 Nd5 5. Bb2 e6 6. c4 Nc7 7. Nc3 d5 8. exd6 Bxd6 9. Ne4 O-O 10. Nxd6 Qxd6 11. d4 cxd4 12. Nxd4 e5 13. Nxc6 Qxc6 14. Ba3 Re8 15. Qd3 Bg4 16. h3 Rad8 17. Qe3 Bh5 18. f3 Ne6 19. Be2 Nd4 20. Bd3 e4 21. fxe4 Nf5 22. Qf4 Rxd3 23. Qxf5 Qxe4+ 24. Qxe4 Rxe4+ 25. Kf1 Rd2 26. Bb4 Rc2 27. Re1 Rf4+ 28. Kg1 h6 29. Rh2 Rff2 30. Bc5 Rfd2 31. Bb4 Rd7 32. g4 Rxh2 33. Kxh2 Bg6 34. Kg3 Rd3+ 35. Kg2 b6 36. Re2 a5 37. Be1 Rd1 38. Bf2 Rd6 39. Re8+ 1-0


[Site "https://www.chess.com"]

[Event "Titled Tuesday Blitz December 13 Late 2022"]
[White "Svane, Frederik"]
[Black "Urbina Perez, Juan Antonio"]
[WhiteFideId "12923044"]
[BlackFideId "2217368"]
[WhiteElo "2844"]
[BlackElo "2446"]
[Result "1-0"]
[Round "01"]
[TimeControl "180+1"]
[Date "2022.12.14"]
[WhiteClock "0:00:48"]
[BlackClock "0:01:11"]

1. e4 d5 2. exd5 Qxd5 3. Nc3 Qd8 4. d4 Nf6 5. Nf3 Bg4 6. h3 Bxf3 7. Qxf3 c6 8. Be3 e6 9. O-O-O Bb4 10. Ne4 Nxe4 11. Qxe4 Qd5 12. Qxd5 cxd5 13. c3 Bd6 14. Bd3 Nc6 15. g4 Rb8 16. a4 a6 17. Kc2 O-O 18. h4 b5 19. axb5 axb5 20. b4 Rfc8 21. Kb3 e5 22. dxe5 Nxe5 23. Bf5 Rc6 24. Rxd5 Nc4 25. Bd7 Rc7 26. Bxb5 Nxe3 27. fxe3 Be7 28. h5 Bf6 29. c4 Re7 30. Rd3 Bg5 31. Rhd1 g6 32. hxg6 hxg6 33. Bc6 Rxe3 34. c5 Re6 35. Bd5 Re5 36. Rf1 Be7 37. Kc4 Rg5 38. Rxf7 Rxd5 39. Rxe7 Rxd3 40. Kxd3 Rxb4 41. c6 Rxg4 42. c7 Rg3+ 43. Re3 1-0


[Site "https://www.chess.com"]

[Event "Titled Tuesday Blitz December 13 Late 2022"]
[White "Tang, Andrew"]
[Black "Mazurkiewicz, Michal"]
[WhiteFideId "2059630"]
[BlackFideId "1124943"]
[WhiteElo "2582"]
[BlackElo "2081"]
[Result "1-0"]
[Round "01"]
[TimeControl "180+1"]
[Date "2022.12.13"]
[WhiteClock "0:00:32"]
[BlackClock "0:00:26"]

1. Nh3 Nf6 2. g3 g6 3. Bg2 Bg7 4. O-O O-O 5. f4 d6 6. d3 e5 7. e4 Nc6 8. f5 d5 9. Qe1 Nd4 10. Na3 gxf5 11. c3 dxe4 12. cxd4 Qxd4+ 13. Be3 Qxd3 14. Rd1 Qa6 15. Nf2 Be6 16. Bg5 Nd5 17. g4 f4 18. Nxe4 Ne3 19. Nf6+ Bxf6 20. Bxf6 Bxg4 21. Qh4 Qxf6 22. Qxf6 Bxd1 23. Be4 Bh5 24. Qxe5 Bg6 25. Bxg6 fxg6 26. Rxf4 Nf5 27. Qxc7 Rac8 28. Qxb7 Rc1+ 29. Kf2 Rd1 30. Qb3+ 1-0


[Site "https://www.chess.com"]

[Event "Titled Tuesday Blitz December 13 Late 2022"]
[White "Tatarinov, Dmitry"]
[Black "Fernandez Siles, Luis"]
[WhiteFideId "24160067"]
[BlackFideId "2209420"]
[WhiteElo "2326"]
[BlackElo "2186"]
[Result "1-0"]
[Round "01"]
[TimeControl "180+1"]
[Date "2022.12.14"]
[WhiteClock "0:01:18"]
[BlackClock "0:00:32"]

1. e4 c5 2. Nf3 Nc6 3. d4 cxd4 4. Nxd4 Nf6 5. Nc3 e5 6. Ndb5 d6 7. Nd5 Nxd5 8. exd5 Nb8 9. c4 Be7 10. Be2 O-O 11. O-O a6 12. Nc3 f5 13. f4 Nd7 14. Be3 Bf6 15. Rc1 exf4 16. Bxf4 Ne5 17. Kh1 Ng6 18. Be3 Bg5 19. Bxg5 Qxg5 20. b4 Bd7 21. c5 Rae8 22. Bf3 Ne5 23. Qd4 Nxf3 24. gxf3 Rf6 25. Rg1 Qh5 26. Qxf6 Qxf3+ 27. Rg2 Qxg2+ 28. Kxg2 gxf6 29. Kf3 Kf7 30. Kf4 a5 31. bxa5 dxc5 32. Rb1 Bc8 33. Rb5 Rg8 34. h3 Rg1 35. Rxc5 Rf1+ 36. Ke3 f4+ 37. Ke2 Bxh3 38. Rc7+ Kg6 39. Rxb7 f3+ 40. Ke3 Re1+ 41. Kxf3 f5 42. a6 Rf1+ 43. Ke2 f4 44. a7 f3+ 45. Kd2 f2 46. a8=Q Rd1+ 47. Nxd1 f1=Q 48. Qg8+ Kf6 49. Rf7+ 1-0


[Site "https://www.chess.com"]

[Event "Titled Tuesday Blitz December 13 Late 2022"]
[White "Toncheva, Nadya"]
[Black "Joubert, Dantelle"]
[WhiteFideId "2924056"]
[BlackFideId "14310813"]
[WhiteElo "2101"]
[BlackElo "1507"]
[Result "1-0"]
[Round "01"]
[TimeControl "180+1"]
[Date "2022.12.14"]
[WhiteClock "0:00:21"]
[BlackClock "0:00:01"]

1. e4 e5 2. Nf3 Nc6 3. Bb5 Nf6 4. O-O Nxe4 5. Re1 Nd6 6. Nxe5 Be7 7. Bf1 O-O 8. Nxc6 dxc6 9. d4 Bf5 10. c4 Bg6 11. Nc3 Bf6 12. Be3 Nf5 13. d5 Bxc3 14. bxc3 Nxe3 15. Rxe3 Qf6 16. Qd2 Rad8 17. g3 Rd7 18. Bg2 Rfd8 19. Qe2 h5 20. h4 b6 21. Re1 c5 22. Re8+ Kh7 23. Rxd8 Rxd8 24. Qe5 Qxe5 25. Rxe5 Rd7 26. Bh3 Rd6 27. Re7 c6 28. Bg2 cxd5 29. Bxd5 a5 30. Kg2 f6 31. Rb7 Kh6 32. Rb8 Kh7 33. Kf3 Bb1 34. a3 Bc2 35. Kf4 Kg6 36. Rb7 Bd3 37. f3 Kh6 38. Ke3 Bf5 39. Rb8 Kh7 40. Kf4 Bd3 41. g4 hxg4 42. fxg4 1-0


[Site "https://www.chess.com"]

[Event "Titled Tuesday Blitz December 13 Late 2022"]
[White "Urazayev, Arystanbek"]
[Black "Donskov, Anatoly"]
[WhiteFideId "13709810"]
[BlackFideId "24143413"]
[WhiteElo "2761"]
[BlackElo "2411"]
[Result "1-0"]
[Round "01"]
[TimeControl "180+1"]
[Date "2022.12.14"]
[WhiteClock "0:00:51"]
[BlackClock "0:00:13"]

1. e4 c5 2. Nf3 Nc6 3. Bb5 g6 4. O-O Bg7 5. c3 Nf6 6. e5 Nd5 7. d4 cxd4 8. cxd4 O-O 9. Nc3 Nxc3 10. bxc3 d6 11. Re1 dxe5 12. Bxc6 bxc6 13. Nxe5 Bxe5 14. Rxe5 f6 15. Re1 Qd6 16. a4 Re8 17. Ba3 Qc7 18. Bc5 Rb8 19. h4 Bf5 20. Qd2 Kg7 21. Re3 Rb1+ 22. Rxb1 Bxb1 23. Qe1 Ba2 24. Bxe7 Kf7 25. Bc5 Be6 26. h5 Qd7 27. h6 Bc4 28. Rxe8 Qxe8 29. Qxe8+ Kxe8 30. Bxa7 Kf7 31. f3 g5 32. Bc5 Kg6 33. Bf8 Kf7 34. Bg7 Ke6 35. Kf2 Ba6 36. g4 Bc4 37. a5 Ba6 38. Bf8 Bc4 39. Bc5 Ba6 40. Bb6 Bc4 41. Bd8 Ba6 42. Ke3 Bc4 43. Ke4 Ba6 44. d5+ cxd5+ 45. Kd4 Be2 46. Ke3 Ba6 47. Bb6 Bb5 48. Bd4 Ba6 49. Kd2 Bb5 50. Kc2 f5 51. Kd2 fxg4 52. fxg4 Ba6 53. Ke3 Bb5 54. Bb6 Ba6 55. Bd8 Kd6 56. Bxg5 Kc6 57. Kd4 Be2 58. Be3 Bxg4 59. Ke5 Be2 60. Ke6 Bd3 61. Kf7 Be4 62. a6 Bd3 63. a7 Kb7 64. Bd4 Be4 65. Ke6 Bf3 66. Kf5 Ka8 67. Kf4 Be4 68. c4 1-0


[Site "https://www.chess.com"]

[Event "Titled Tuesday Blitz December 13 Late 2022"]
[White "Van Dael, Siem"]
[Black "Yedidia, Daniel"]
[WhiteFideId "1049771"]
[BlackFideId "30905907"]
[WhiteElo "2336"]
[BlackElo "2550"]
[Result "1-0"]
[Round "01"]
[TimeControl "180+1"]
[Date "2022.12.14"]
[WhiteClock "0:00:06"]
[BlackClock "0:00:03"]

1. d4 Nf6 2. c4 e6 3. Nf3 b6 4. a3 c5 5. d5 exd5 6. cxd5 d6 7. Nc3 Bf5 8. e4 Bg6 9. e5 dxe5 10. Bb5+ Nbd7 11. Nxe5 Bd6 12. Nc4 O-O 13. O-O Qc7 14. Nxd6 Qxd6 15. Bc6 Rac8 16. Nb5 Qb8 17. g3 Bh5 18. f3 Ne5 19. Bf4 a6 20. Nc3 Rfd8 21. g4 Bg6 22. Re1 Rxc6 23. Bxe5 Qc8 24. dxc6 Rxd1 25. Raxd1 Qxc6 26. Rd8+ Ne8 27. Bg3 f6 28. Ne4 h5 29. h3 hxg4 30. hxg4 c4 31. Kg2 b5 32. Nd6 Kf8 33. Nxe8 Bxe8 34. Rdxe8+ Kf7 35. R8e7+ Kg6 36. R7e2 c3 37. bxc3 Qxc3 38. Re3 Qb2+ 39. R1e2 Qb1 40. Bf4 a5 41. Bd6 Qa1 42. Bf8 Kf7 43. Bc5 Qc1 44. Re7+ Kg6 45. Bd6 Qc6 46. R7e6 Qc4 47. Kg3 b4 48. axb4 axb4 49. R6e4 Qd3 50. Bxb4 Qd1 51. Bc5 Qf1 52. Re8 Kh7 53. R8e7 Kg6 54. Bd4 Qd1 55. Bf2 Qd6+ 56. Kg2 Qf4 57. R7e4 Qd6 58. Bg3 Qd1 59. Re7 Qb1 60. f4 Qd3 61. f5+ Kh7 62. Bf4 Qd5+ 63. Kg3 Qd3+ 64. R2e3 Qd1 65. Rc7 Qg1+ 66. Kf3 Qh1+ 67. Kf2 Qh4+ 68. Rg3 Qh2+ 69. Kf3 Qh1+ 70. Rg2 Qd1+ 71. Kg3 Qd3+ 72. Kh2 Qf3 73. Rc4 Qd3 74. Rb4 Qf1 75. Bd2 Qd1 76. Rd4 Qb3 77. Re4 Qf3 78. Re3 Qd5 79. Rh3+ Kg8 80. Rhg3 Qd6 81. Rf2 Qd4 82. Kg2 Qe4+ 83. Kh2 Qd4 84. Be3 Qe4 85. g5 fxg5 86. Bxg5 Kf7 87. f6 g6 88. Bf4 Qe6 89. Bg5 Qc4 90. Re3 Qc8 91. Re7+ Kf8 92. Bh6+ Kg8 93. f7+ Kh7 94. f8=Q# 1-0


[Site "https://www.chess.com"]

[Event "Titled Tuesday Blitz December 13 Late 2022"]
[White "Vargas, Mauricio"]
[Black "Crevatin, Leo"]
[WhiteFideId "4404572"]
[BlackFideId "1726307"]
[WhiteElo "2025"]
[BlackElo "2190"]
[Result "0-1"]
[Round "01"]
[TimeControl "180+1"]
[Date "2022.12.14"]
[WhiteClock "0:00:06"]
[BlackClock "0:00:58"]

1. e4 c5 2. Nf3 d6 3. d4 cxd4 4. Nxd4 Nf6 5. Nc3 Nc6 6. Nf5 e6 7. Ng3 Be7 8. Bb5 O-O 9. O-O Bd7 10. h3 a6 11. Bd3 b5 12. a3 Ne5 13. f4 Nxd3 14. cxd3 Bc6 15. Nh5 Nxh5 16. Qxh5 g6 17. Qh6 Bf6 18. f5 exf5 19. exf5 Bg7 20. Qd2 Qh4 21. Ne4 Bxe4 22. dxe4 Qxe4 23. f6 Bh8 24. Kh1 Rfe8 25. Qxd6 Re6 26. Qd7 Rxf6 27. Bh6 Qe6 28. Qb7 Re8 29. Rfe1 Qxe1+ 30. Rxe1 Rxe1+ 31. Kh2 Re8 32. Qxa6 Rxa6 33. Bc1 Rae6 34. Bf4 Bxb2 0-1


[Site "https://www.chess.com"]

[Event "Titled Tuesday Blitz December 13 Late 2022"]
[White "Vasquez Schroeder, Rodrigo"]
[Black "Malka, Samuel"]
[WhiteFideId "3400042"]
[BlackFideId "20643675"]
[WhiteElo "2806"]
[BlackElo "2437"]
[Result "1-0"]
[Round "01"]
[TimeControl "180+1"]
[Date "2022.12.14"]
[WhiteClock "0:01:07"]
[BlackClock "0:00:08"]

1. e4 c5 2. Nf3 Nc6 3. Bb5 e6 4. Bxc6 bxc6 5. d3 Qc7 6. Qe2 e5 7. Nbd2 Ne7 8. Nc4 Ng6 9. h4 d6 10. h5 Ne7 11. h6 gxh6 12. Bxh6 Bxh6 13. Rxh6 Be6 14. Ng5 Bxc4 15. dxc4 Ng6 16. g3 f6 17. Nf3 Qg7 18. Rh5 Rb8 19. O-O-O Qb7 20. b3 Qb4 21. Rxd6 Qc3 22. Kb1 a5 23. Rd3 Qb4 24. Rd6 Ke7 25. Qd2 Rb7 26. Qxb4 cxb4 27. Rd3 Nf8 28. Nh4 Rd7 29. Nf5+ Ke6 30. Rxd7 Nxd7 31. f3 a4 32. bxa4 Nb6 33. Ne3 Nxa4 34. Nd1 Rd8 35. Kc1 Nc3 36. Ne3 Ne2+ 37. Kb2 Nd4 38. f4 Rd7 39. c5 Nf3 40. f5+ Ke7 41. Rxh7+ Kd8 42. Rxd7+ Kxd7 43. Ng4 Ke7 44. Nf2 Nd2 45. c3 Nc4+ 46. Kb3 bxc3 47. Kxc4 c2 48. Nd3 1-0


[Site "https://www.chess.com"]

[Event "Titled Tuesday Blitz December 13 Late 2022"]
[White "Vlassov, Nikolai"]
[Black "Pace, Christopher"]
[WhiteFideId "4103360"]
[BlackFideId "2610167"]
[WhiteElo "2324"]
[BlackElo "2277"]
[Result "1-0"]
[Round "01"]
[TimeControl "180+1"]
[Date "2022.12.14"]
[WhiteClock "0:02:14"]
[BlackClock "0:00:42"]

1. e4 e5 2. Bc4 Nf6 3. d3 c6 4. Nf3 d5 5. Bb3 Bd6 6. Nc3 Be6 7. Bg5 d4 8. Ne2 O-O 9. c3 c5 10. cxd4 cxd4 11. O-O Nc6 12. Ng3 h6 13. Bd2 Ne7 14. Nh4 Ng6 15. Nxg6 Bxb3 16. Qxb3 1-0


[Site "https://www.chess.com"]

[Event "Titled Tuesday Blitz December 13 Late 2022"]
[White "Walentukiewicz, Michal"]
[Black "Winkels, Marcel"]
[WhiteFideId "1126903"]
[BlackFideId "1003887"]
[WhiteElo "2028"]
[BlackElo "1900"]
[Result "1-0"]
[Round "01"]
[TimeControl "180+1"]
[Date "2022.12.14"]
[WhiteClock "0:02:09"]
[BlackClock "0:00:01"]

1. g3 c5 2. Bg2 Nc6 3. Nf3 g6 4. O-O Bg7 5. c4 e5 6. Nc3 d6 7. d3 Nge7 8. Rb1 O-O 9. a3 a5 10. Ne1 h6 11. Nc2 Be6 12. b4 axb4 13. axb4 Rb8 14. bxc5 dxc5 15. Be3 Nd4 16. Qd2 Qd7 17. Ne4 Nxc2 18. Qxc2 b6 19. Bxh6 f5 20. Bxg7 Kxg7 21. Ng5 f4 22. Rb2 Bf5 23. Rfb1 Qd6 24. Ne4 Qc7 25. Qc3 fxg3 26. hxg3 Nc6 27. e3 Nb4 28. d4 exd4 29. exd4 Bxe4 30. Bxe4 Kh7 31. Kg2 Qg7 32. Rh1+ Kg8 33. Rxb4 cxb4 34. Bd5+ Rf7 35. Qxb4 Qxd4 36. Qd6 Qxf2+ 37. Kh3 Kg7 38. Qe5+ Qf6 39. Qxb8 1-0


[Site "https://www.chess.com"]

[Event "Titled Tuesday Blitz December 13 Late 2022"]
[White "Winterberg, Lukas"]
[Black "Deac, Bogdan-Daniel"]
[WhiteFideId "24622702"]
[BlackFideId "1226380"]
[WhiteElo "2350"]
[BlackElo "2649"]
[Result "0-1"]
[Round "01"]
[TimeControl "180+1"]
[Date "2022.12.13"]
[WhiteClock "0:00:06"]
[BlackClock "0:00:32"]

1. d4 g6 2. c4 Bg7 3. Nc3 c5 4. d5 Bxc3+ 5. bxc3 Qa5 6. Bd2 d6 7. e4 f5 8. exf5 Bxf5 9. Ne2 Bg4 10. Qb3 Qb6 11. Ng3 Nf6 12. Bd3 Nbd7 13. h3 Ne5 14. hxg4 Nxd3+ 15. Ke2 Ne5 16. g5 Nfd7 17. f4 Nf7 18. Kf2 Qa6 19. Rhe1 Rf8 20. Kg1 Nb6 21. Re4 Kd7 22. Rae1 Rae8 23. Rb1 h6 24. gxh6 Nxh6 25. Re6 Nf5 26. Rxg6 Nxg3 27. Rxg3 Nxc4 28. Bc1 Kc7 29. Rg7 Rg8 30. Rxg8 Rxg8 31. Qc2 Nb6 32. Qe4 Re8 33. Rb2 Qc4 34. Qxc4 Nxc4 35. Re2 Nb6 36. Rd2 Rg8 37. Kf2 Na4 38. Rc2 b5 39. Kf3 a5 40. g4 b4 41. cxb4 axb4 42. g5 Nc3 43. Rd2 Kd7 44. Kg4 c4 45. a3 b3 46. Rd4 Rc8 47. g6 Ne2 48. Rd1 Nxc1 49. Rxc1 b2 50. Rb1 c3 51. g7 Rg8 52. Kf3 c2 53. Ke3 cxb1=Q 0-1


[Site "https://www.chess.com"]